 Dungeon Crawl Stone Soup version 0.23.1 (webtiles) character file.

Game seed: 0

15668 Mykal the Grappler (level 12, -7/103 HPs)
             Began as a Ghoul Monk on Mar 16, 2019.
             Was a High Priest of Nemelex Xobeh.
             Mangled by a six-headed hydra (9 damage)
             ... on level 1 of the Lair of Beasts.
             The game lasted 01:05:38 (13794 turns).

Mykal the Grappler (Ghoul Monk)                    Turns: 13794, Time: 01:05:39

Health: -7/103     AC:  9    Str: 18    XL:     12   Next: 29%
Magic:  17/17      EV: 12    Int:  5    God:    Nemelex Xobeh [*****.]
Gold:   734        SH: 18    Dex: 13    Spells: 11/11 levels left

rFire    . . .     SeeInvis +     - Unarmed
rCold    + + .     Gourm    .   F - +2 shield
rNeg     + + +     Faith    .   h - +1 ring mail
rPois    ∞         Spirit   .   A - +0 helmet
rElec    .         Reflect  +   K - +1 cloak {rC+}
rCorr    +         Harm     .   (no gloves)
MR       .....                  (no boots)
Stlth    +.........             G - +5 amulet of reflection
HPRegen  0.00/turn              q - ring of resist corrosion
MPRegen  0.15/turn              w - ring of see invisible

@: rotting
A: rotting body, claws 1, carnivore, cold resistance 1, negative energy
resistance 3, inhibited regeneration, torment resistance, unbreathing
a: Draw Escape, Draw Destruction, Draw Summoning, Triple Draw, Deal Four, Stack
Five, Renounce Religion


You were on level 1 of the Lair of Beasts.
You worshipped Nemelex Xobeh.
Nemelex Xobeh was extremely pleased with you.
You were not hungry.

You visited 3 branches of the dungeon, and saw 12 of its levels.
You also visited: Ice Cave.

You collected 734 gold pieces.

Inventory:

Hand Weapons
 j - a +1 hunting sling
Missiles
 d - 243 stones (quivered)
 f - 60 poisoned needles
 g - 6 needles of paralysis
 m - 7 tomahawks
Armour
 h - a +1 ring mail (worn)
 A - a +0 helmet (worn)
 F - a +2 shield (worn)
 K - a +1 cloak of cold resistance (worn)
Jewellery
 q - a ring of resist corrosion (left claw)
 w - a ring of see invisible (right claw)
 G - a +5 amulet of reflection (around neck)
Wands
 v - a wand of digging (3)
 z - a wand of random effects (10)
 B - a wand of flame (17)
 E - a wand of polymorph (9)
 L - a wand of paralysis (15)
Scrolls
 e - 2 scrolls of fog
 l - 5 scrolls of remove curse
 n - a scroll of magic mapping {unknown}
 p - a scroll of enchant weapon
 u - a scroll of blinking
 y - a scroll of vulnerability {unknown}
 C - 4 scrolls of teleportation
 D - 2 scrolls of immolation
 I - a scroll of brand weapon {unknown}
 J - a scroll of summoning
Potions
 a - 2 potions of brilliance
 c - 3 potions of magic
 i - a potion of haste {unknown}
 k - 6 potions of might
 o - a potion of invisibility {unknown}
 r - a potion of agility
 s - a potion of cancellation
 t - 2 potions of ambrosia
 x - a potion of curing
 H - a potion of resistance
 M - 3 potions of heal wounds
 N - a potion of mutation {unknown}
Comestibles
 b - 25 rations


   Skills:
 + Level 8.4 Fighting
 - Level 6.0 Dodging
 - Level 2.1 Stealth
 - Level 9.0 Shields
 + Level 13.1 Unarmed Combat
 + Level 9.1 Invocations


You had 11 spell levels left.
You didn't know any spells.
Your spell library contained the following spells:

 Spells                   Type           Power        Failure   Level  Hunger
 Apportation              Tloc           #.....       91%         1    ##.....
 Confusing Touch          Hex            #.....       91%         1    ##.....
 Magic Dart               Conj           #...         91%         1    ##.....
 Blink                    Tloc           N/A          97%         2    ###....
 Call Imp                 Summ           #.......     97%         2    ###....
 Slow                     Hex            #.......     97%         2    ###....
 Confuse                  Hex            #.......     99%         3    ####...
 Conjure Flame            Conj/Fire      #.......     99%         3    ####...
 Gell's Gravitas          Tloc           #.........   99%         3    ####...
 Mephitic Cloud           Conj/Pois/Air  #.......     99%         3    ####...
 Petrify                  Tmut/Erth      #.......     100%        4    #####..
 Metabolic Englaciation   Hex/Ice        #.........   100%        5    ######.
 Yara's Violent Unravell  Hex/Tmut       #.........   100%        5    ######.


Dungeon Overview and Level Annotations

Branches:
Dungeon (10/15)            Temple (1/1) D:4            Lair (1/6) D:9
    Orc: D:9-12

Altars:
Cheibriados
Dithmenos
Elyvilon
Fedhas
Gozag
Kikubaaqudgha
Makhleb
Nemelex Xobeh
Okawaru
Qazlal
Ru
Sif Muna
Trog
Uskayaw
Vehumet
Wu Jian

Shops:
D:5 }   D:9 (


Innate Abilities, Weirdness & Mutations

Your body is rotting away.
You thrive on raw meat.
You are immune to poison.
You have sharp fingernails.
You are carnivorous and can eat meat at any time.
Your flesh is cold resistant. (rC+)
You are immune to negative energy. (rN+++)
You do not regenerate when monsters are visible.
You are immune to unholy pain and torment.
You can survive without breathing.


Message History

You take 33 damage, and have 10/103 hp.
MASSIVE DAMAGE!!
You scratch the six-headed hydra.
The six-headed hydra is severely wounded.
You block the six-headed hydra's attack. x2
The six-headed hydra bites you.
* * * LOW HITPOINT WARNING * * *
The six-headed hydra bites you but does no damage.
You block the six-headed hydra's attack.
The six-headed hydra barely misses you.
You take 1 damage, and have 9/103 hp.
There is a stone staircase leading down here.
You draw a card...
You have drawn Degeneration.
Nothing appears to happen.
The six-headed hydra bites you.
* * * LOW HITPOINT WARNING * * *
The six-headed hydra completely misses you.
The six-headed hydra bites you.
* * * LOW HITPOINT WARNING * * *
The six-headed hydra bites you!
You die...
Your body glows with a rainbow of weird colours and disappears.

.## ###....###.#............#...
#.####.......###.............#...
#..##.........####...............
##............####...........#..#
#..............................#
#................###........#..#
#.........<......####..........#
##................####..###.#..≈
#..............@D...###..#..#...
###.................####....#...
#....................##....#...
###P.................##....####
#...#................#..#.....
#P..####.......#.....>....#.##
####P.## ####.....#.....##..###
.......# ####.##.........#
#......### #..#.........#


You could see a six-headed hydra.

Vanquished Creatures
  A white draconian (IceCv)
  A two-headed ogre (D:9)
  A spiny frog (Lair:1)
  An ice statue (IceCv)
  A gargoyle (D:10)
  A komodo dragon (Lair:1)
  13 polar bears (IceCv)
  A troll (D:9)
  A merfolk (D:10)
  A raiju (D:4)
  A hippogriff (D:9)
  A human (D:10)
  20 yaks
  A steam dragon (D:9)
  4 water moccasins
  A porcupine (D:5)
  A black bear (D:8)
  3 ice beasts
  3 orc warriors
  4 sky beasts
  4 ogres
  A centaur (D:7)
  10 wolves (IceCv)
  A phantom (D:8)
  2 crocodiles (Lair:1)
  2 big kobolds (D:9)
  2 bullfrogs
  A water moccasin zombie (D:9)
  2 scorpions
  5 killer bees (D:9)
  5 wights
  A crimson imp (D:10)
  A bullfrog zombie (D:10)
  6 orc priests
  A centaur zombie (D:5)
  7 hounds
  A bullfrog skeleton (D:4)
  A jelly (D:7)
  7 orc wizards
  10 worker ants
  A hound zombie (D:5)
  A worker ant zombie (D:8)
  6 gnolls (D:5)
  13 adders
  A howler monkey skeleton (D:5)
  3 shadow imps
  3 oozes
  3 adder skeletons
  2 adder zombies
  3 worms
  2 dart slugs
  6 leopard geckos
  44 orcs
  11 bats
  4 giant cockroaches
  7 goblins
  8 hobgoblins
  19 jackals
  22 kobolds
  7 quokkas
  3 ball pythons
  3 frilled lizards
  A jackal skeleton (D:7)
  A leopard gecko skeleton (D:6)
  7 rats
312 creatures vanquished.

Vanquished Creatures (collateral kills)
  A hydra (Lair:1)
1 creature vanquished.

Vanquished Creatures (others)
  A spiny frog (Lair:1)
  A komodo dragon (Lair:1)
  A yak (IceCv)
  A gnoll sergeant (D:5)
  A ball lightning (IceCv)
5 creatures vanquished.

Grand Total: 318 creatures vanquished

Notes
Turn   | Place    | Note
-------+----------+-------------------------------------------
     0 | D:1      | Mykal the Ghoul Monk began the quest for the Orb.
     0 | D:1      | Reached XP level 1. HP: 19/19 MP: 0/0
   121 | D:1      | Reached XP level 2. HP: 22/25 MP: 1/1
   248 | D:1      | Reached skill level 4 in Unarmed Combat
   497 | D:1      | Reached XP level 3. HP: 28/31 MP: 2/2
   746 | D:2      | Found a deep blue altar of Sif Muna.
   747 | D:2      | Found an ancient bone altar of Kikubaaqudgha.
   748 | D:2      | Found a radiant altar of Vehumet.
   762 | D:2      | Identified Sif Muna's Grimoire of Displacement
   912 | D:2      | Reached skill level 5 in Unarmed Combat
   998 | D:2      | Found a blossoming altar of Fedhas.
  1046 | D:2      | Reached XP level 4. HP: 34/38 MP: 3/3
  1235 | D:2      | Found a sparkling altar of Nemelex Xobeh.
  1287 | D:2      | Became a worshipper of Nemelex Xobeh the Trickster
  1287 | D:2      | Received a gift from Nemelex Xobeh
  1287 | D:2      | Reached * piety under Nemelex Xobeh
  1287 | D:2      | Reached ** piety under Nemelex Xobeh
  1499 | D:2      | Found an iron altar of Okawaru.
  1587 | D:3      | Found a snail-covered altar of Cheibriados.
  1646 | D:3      | Reached skill level 6 in Unarmed Combat
  1646 | D:3      | Reached XP level 5. HP: 25/45 MP: 4/4
  2064 | D:3      | Found a burning altar of Makhleb.
  2115 | D:3      | Found an opulent altar of Gozag.
  2147 | D:3      | Found a hide-covered altar of Uskayaw.
  2153 | D:3      | Received a gift from Nemelex Xobeh
  2579 | D:4      | Reached skill level 7 in Unarmed Combat
  2625 | D:4      | Reached XP level 6. HP: 39/51 MP: 5/5
  2917 | D:4      | Reached *** piety under Nemelex Xobeh
  2917 | D:4      | Received a gift from Nemelex Xobeh
  2918 | D:4      | Noticed a hippogriff
  2938 | D:4      | Noticed a raiju
  2938 | D:4      | a hippogriff changed into a raiju
  2942 | D:4      | Killed a raiju
  2942 | D:4      | Reached skill level 8 in Unarmed Combat
  2942 | D:4      | Reached XP level 7. HP: 16/57 MP: 6/6
  3351 | D:4      | Reached skill level 9 in Unarmed Combat
  3419 | D:4      | Found a staircase to the Ecumenical Temple.
  3427 | Temple   | Entered the Ecumenical Temple
  3529 | D:4      | Received a gift from Nemelex Xobeh
  3873 | D:4      | Reached XP level 8. HP: 42/63 MP: 7/7
  4217 | D:4      | Found a bloodstained altar of Trog.
  4488 | D:5      | Entered Level 5 of the Dungeon
  4739 | D:5      | Reached **** piety under Nemelex Xobeh
  4739 | D:5      | Received a gift from Nemelex Xobeh
  4828 | D:5      | Reached skill level 1 in Shields
  4942 | D:5      | Found a white marble altar of Elyvilon.
  5261 | D:5      | Found Loet's Gadget Emporium.
  5424 | D:5      | Reached skill level 5 in Dodging
  5688 | D:6      | Received a gift from Nemelex Xobeh
  5707 | D:6      | Found a snail-covered altar of Cheibriados.
  5881 | D:6      | Noticed a wyvern
  5911 | D:5      | a wyvern changed into a porcupine
  6182 | D:6      | You fall through a shaft for 2 floors!
  6288 | D:8      | Received a gift from Nemelex Xobeh
  6302 | D:8      | Reached ***** piety under Nemelex Xobeh
  6327 | D:8      | Reached skill level 10 in Unarmed Combat
  6327 | D:8      | Reached XP level 9. HP: 70/70 MP: 8/8
  6786 | D:6      | Reached skill level 1 in Invocations
  7303 | D:7      | Received a gift from Nemelex Xobeh
  7627 | D:7      | Reached skill level 5 in Shields
  7691 | D:7      | Found an ornate altar of the Wu Jian Council.
  8149 | D:8      | Found a shadowy altar of Dithmenos.
  8195 | D:8      | Found a sacrificial altar of Ru.
  8559 | D:9      | Found a stormy altar of Qazlal.
  8664 | D:9      | Reached XP level 10. HP: 77/77 MP: 10/12
  8730 | D:9      | Noticed a two-headed ogre
  9190 | D:9      | Reached skill level 11 in Unarmed Combat
  9407 | D:9      | Killed a two-headed ogre
  9407 | D:9      | Reached skill level 5 in Invocations
  9462 | D:9      | Found Nejonn's Antique Weapon Emporium.
  9574 | D:9      | Received a gift from Nemelex Xobeh
  9621 | D:9      | Reached skill level 5 in Fighting
  9828 | D:9      | Found a staircase to the Lair.
  9847 | D:10     | Entered Level 10 of the Dungeon
 10290 | D:10     | Noticed a gargoyle
 10291 | D:10     | Killed a gargoyle
 10414 | D:10     | Reached XP level 11. HP: 87/90 MP: 14/14
 10606 | Lair:1   | Entered Level 1 of the Lair of Beasts
 10888 | Lair:1   | Found a frozen archway.
 10895 | IceCv    | Entered an ice cave
 10898 | IceCv    | Reached skill level 12 in Unarmed Combat
 12164 | IceCv    | Noticed a white draconian
 12173 | IceCv    | Reached XP level 12. HP: 100/100 MP: 17/17
 12195 | IceCv    | Killed a white draconian
 12722 | Lair:1   | Received a gift from Nemelex Xobeh
 13064 | Lair:1   | Noticed an eight-headed hydra
 13371 | Lair:1   | Reached skill level 13 in Unarmed Combat
 13373 | Lair:1   | Killed an eight-headed hydra
 13766 | Lair:1   | Noticed a six-headed hydra
 13794 | Lair:1   | HP: 4/103 [six-headed hydra (5)]
 13794 | Lair:1   | Mangled by a six-headed hydra

Skill      XL: |  1  2  3  4  5  6  7  8  9 10 11 12 |
---------------+-------------------------------------+-----
Unarmed Combat | 4 5 6 7 8 9 10 11 12 13 | 13.1
Dodging        | 4 5 6 |  6.0
Shields        | 3 6 7 9 |  9.0
Invocations    | 4 6 8 9 |  9.1
Fighting       | 6 7 8 |  8.4
Stealth        | |  2.1

Action                   |  1- 3 |  4- 6 |  7- 9 | 10-12 || total
-------------------------+-------+-------+-------+-------++-------
Melee: Unarmed           |   113 |   156 |   456 |   510 ||  1235
       Punch             |       |     4 |     1 |       ||     5
Throw: Stone             |       |       |     3 |    27 ||    30
 Abil: Draw Destruction  |       |     6 |     4 |    13 ||    23
       Draw Escape       |       |       |       |     1 ||     1
Evoke: Wand              |       |       |       |    10 ||    10
  Use: Scroll            |     4 |     8 |    10 |     6 ||    28
       Potion            |       |       |       |     5 ||     5
 Stab: Sleeping          |       |       |     1 |       ||     1
       Distracted        |       |       |       |     1 ||     1
  Eat: Chunk             |     4 |    10 |    22 |    38 ||    74
Armor: Ring mail         |    34 |    40 |    84 |    81 ||   239
Dodge: Dodged            |    66 |    74 |   131 |   190 ||   461
Block: Shield            |       |       |   141 |   409 ||   550
       Reflection        |       |       |       |     1 ||     1
